 Dungeon Crawl Stone Soup version 0.29-a0-330-g52719c12eb (webtiles) character file.

Game seed: 11523196349510053213

15278 spiderkeys the Envoy of Void (level 11, -18/104 HPs)
             Began as a Deep Dwarf Abyssal Knight on Apr 13, 2022.
             Was a High Priest of Lugonu.
             Killed from afar by a tengu reaver (50 damage)
             ... with a bolt of fire
             ... on level 13 of the Dungeon.
             The game lasted 00:34:29 (10437 turns).

spiderkeys the Envoy of Void (DDAK)                Turns: 10437, Time: 00:34:29

Health: -18/104    AC: 22    Str: 20    XL:     11   Next: 99%
Magic:  10/10      EV: 14    Int: 14    God:    Lugonu [*****.]
Gold:   364        SH:  0    Dex: 13    Spells: 7/10 levels left

rFire   . . .      SeeInvis .   J - +6 mace of the Postmodern Loafs {vamp, Str+2}
rCold   + . .      Faith    +   (no shield)
rNeg    . . .      Spirit   .   A - +0 acid dragon scales
rPois   .          Reflect  .   S - +2 helmet
rElec   .          Harm     .   G - +0 cloak
rCorr   +          Rampage  .   W - +1 pair of gloves {hurl}
Will    +....                   E - +2 pair of boots
Stlth   +.........              T - amulet of faith {!P}
HPRegen 0.00/turn               C - ring of protection from cold
MPRegen 0.12/turn               O - +4 ring of protection

@: lethally poisoned (-18 -> -18), studying Shields
A: damage resistance, heal wounds, sense surroundings 2, no regeneration
a: Heal Wounds, Renounce Religion, Depart the Abyss, Bend Space, Banish,
Corrupt, Enter the Abyss


You were on level 13 of the Dungeon.
You worshipped Lugonu.
Lugonu was extremely pleased with you.
You visited 1 branch of the dungeon, and saw 12 of its levels.
You visited the Abyss 1 time.
You also visited: Sewer.

You collected 616 gold pieces.
You spent 252 gold pieces at shops.


Innate Abilities, Weirdness & Mutations

You are resistant to damage.
You can heal yourself by infusing magical energy.
You passively map the area around you.
You do not regenerate.


   Skills:
 + Level 8.9 Fighting
 - Level 8.9(10.1) Axes
 * Level 6.9(8.6) Maces & Flails
 - Level 8.0 Armour
 + Level 6.8 Dodging
 + Level 3.4 Conjurations
 + Level 7.3 Earth Magic
 - Level 9.0 Invocations
 - Level 5.0 Evocations


You had 7 spell levels left.
You knew the following spells:

 Your Spells              Type           Power      Damage    Failure   Level
s - Stone Arrow           Conj/Erth      30%        3d8       12%         3

Your spell library contained the following spells:

 Spells                   Type           Power      Damage    Failure   Level
 Sandblast                Erth           40%        2d10      1%          1
 Passwall                 Tmut/Erth      8%         N/A       12%         2
 Pain                     Necr           0%         1d4       34%         1
 Corpse Rot               Necr/Air       0%         N/A       47%         2
 Poisonous Vapours        Pois/Air       0%         N/A       47%         2
 Conjure Flame            Conj/Fire      4%         6-21      47%         3
 Ignite Poison            Fire/Tmut/Pois 0%         N/A       71%         3
 Ozocubu's Armour         Ice            0%         N/A       71%         3
 Sticky Flame             Conj/Fire      4%         2d3       87%         4
 Animate Dead             Necr           0%         N/A       98%         4
 Summon Ice Beast         Ice/Summ       0%         N/A       98%         4
 Agony                    Necr           0%         N/A       100%        5
 Excruciating Wounds      Necr           0%         N/A       100%        5
 Metabolic Englaciation   Hex/Ice        0%         N/A       100%        5
 Summon Mana Viper        Hex/Summ       0%         N/A       100%        5
 Simulacrum               Ice/Necr       0%         N/A       100%        6
 Haunt                    Necr/Summ      0%         N/A       100%        7
 Monstrous Menagerie      Summ           0%         N/A       100%        7
 Infestation              Necr           0%         N/A       100%        8

Inventory:

Hand Weapons
 b - a +2 hunting sling of freezing
   (You found it on level 7 of the Dungeon)
 J - the +6 mace of the Postmodern Loafs (weapon) {vamp, Str+2}
   (You found it on level 9 of the Dungeon)

   It occasionally heals its wielder for a portion of the damage dealt when it
   wounds a living foe.
   Str:       It affects your strength (+2).
 Q - a +2 broad axe of flaming
   (You found it on level 8 of the Dungeon)
Missiles
 e - 330 stones (quivered)
 r - 4 curare-tipped darts {=f}
 t - 30 poisoned darts
 x - 9 boomerangs
Armour
 p - a +2 robe of willpower
   (You took it off an orc wizard on level 2 of the Dungeon)
 A - +0 acid dragon scales (worn)
   (You found it on level 10 of the Dungeon)
 E - a +2 pair of boots (worn)
   (You found it on level 3 of the Dungeon)
 G - a +0 cloak (worn)
   (You found it on level 7 of the Dungeon)
 S - a +2 helmet (worn)
   (You found it on level 4 of the Dungeon)
 W - a +1 pair of gloves of hurling (worn)
   (You found it on level 9 of the Dungeon)
Magical Staves
 I - a staff of conjuration {!a}
   (You found it on level 3 of the Dungeon)
Jewellery
 c - a ring of protection from cold
   (You found it on level 4 of the Dungeon)
 C - a ring of protection from cold (left hand)
   (You found it on level 1 of the Dungeon)
 F - a ring of fire
   (You found it on level 2 of the Dungeon)
 H - a ring of willpower
   (You found it on level 7 of the Dungeon)
 O - a +4 ring of protection (right hand)
   (You took it off a kobold on level 4 of the Dungeon)
 T - an amulet of faith (around neck) {!P}
   (You found it on level 6 of the Dungeon)
Wands
 g - a wand of charming (10)
   (You found it on level 7 of the Dungeon)
 k - a wand of mindburst (5)
   (You found it on level 4 of the Dungeon)
 o - a wand of flame (6)
   (You found it in a sewer)
 z - a wand of acid (3)
   (You found it on level 3 of the Dungeon)
 K - a wand of paralysis (9)
   (You took it off a kobold on level 3 of the Dungeon)
 P - a wand of digging (9)
   (You found it on level 9 of the Dungeon)
 Y - a wand of polymorph (6)
   (You found it on level 9 of the Dungeon)
Scrolls
 a - 2 scrolls of immolation {!r!r}
 f - 2 scrolls of vulnerability {!r!r}
 l - 2 scrolls of magic mapping {!r}
 q - a scroll of summoning
 s - a scroll of fog
 y - a scroll of blinking {!r}
 M - a scroll of torment {unknown}
 R - 5 scrolls of teleportation {@r4}
 U - 2 scrolls of fear
 Z - 2 scrolls of identify {@r1}
Potions
 d - 2 potions of mutation {unknown}
 h - 2 potions of cancellation {unknown}
 i - a potion of lignification {unknown}
 j - 2 potions of attraction {unknown}
 m - a potion of flight {unknown}
 n - 3 potions of haste {unknown}
 v - 2 potions of resistance
 w - a potion of might {unknown}
 B - 5 potions of invisibility
 D - a potion of ambrosia {unknown}
 L - 3 potions of brilliance
 V - a potion of magic {unknown}
 X - 6 potions of curing {unknown}
Miscellaneous
 N - a phantom mirror (inert)
   (You found it on level 9 of the Dungeon)

Dungeon Overview and Level Annotations

Branches:
Dungeon (11/15)            Temple (0/1) D:6            Lair (0/6) D:9
  Sewer (visited)
    Orc: D:9-12

Altars:
Gozag
Yredelemnul

Shops:
D:4 *   D:5 [   D:6 :

Annotations:
D:9 exclusion: orange crystal statue
Abyss:1 Nessos

* *#######.######## ,
,#Q..# ...# , , , ,
#Q.)##...# , #...†....# ,
,,, #...)....# **
*#####........# , , ,
........#....# , * *
...###.........# , ,
.......@.......# .,
...............# .. ,,
.....>.........#
...####+####+###........#
..........##...#........#
..........##...'....###.#
..........##...#........#
........................#
#########.##......##....#


You could see a tengu reaver and a tengu warrior.


Message History

The tengu reaver barely misses you. The tengu reaver claws you.
* * * LOW HITPOINT WARNING * * *
😨 HP[-1]
You take 1 damage, and now have 43/104 hp.
Aiming: Corrosive Bolt
Press: ? - help, Shift-Dir - straight line, f/p - wraith
Aim: a wraith (heavily damaged, covered in acid, 74% to hit)
The bolt of acid hits the tengu reaver!!
The bolt of acid misses the mana viper.
The bolt of acid misses the wraith.
The tengu reaver misses you.
The tengu reaver pecks you but does no damage.
The tengu reaver claws you but does no damage.
Aiming: Corrosive Bolt
Press: ? - help, Shift-Dir - straight line, f/p - wraith
Aim: a wraith (heavily damaged, covered in acid, 74% to hit)
The bolt of acid hits the tengu reaver!
The acid corrodes the tengu reaver!
The bolt of acid hits the mana viper!
The bolt of acid misses the wraith.
The tengu reaver gestures at you while chanting.
The bolt of cold misses you.
You barely miss the tengu reaver.
The tengu reaver hits you with a +0 battleaxe!
* * * LOW HITPOINT WARNING * * *
The tengu reaver pecks you but does no damage.
The tengu reaver claws you but does no damage. 😨 HP[-9]
You take 9 damage, and now have 34/104 hp.
You sock the tengu reaver!
You feel better.
The tengu reaver hits you but does no damage.
The tengu reaver pecks you but does no damage.
The tengu reaver claws you but does no damage. 😨 HP[+10]
You regained 10 hp, and now have 44/104 hp.
You miss the tengu reaver.
The tengu reaver hits you but does no damage.
The tengu reaver pecks you but does no damage.
The tengu reaver claws you but does no damage.
You hit the tengu reaver.
You feel better.
The wraith is no longer covered in acid.
The tengu reaver hits you with a +0 battleaxe!
* * * LOW HITPOINT WARNING * * *
The tengu reaver misses you.
The tengu reaver closely misses you. 😨 HP[-4]
You take 4 damage, and now have 40/104 hp.
You hit the tengu reaver.
You feel better.
The tengu reaver points at you and mumbles some strange words.
The bolt of poison hits you.
You are poisoned.
* * * LOW HITPOINT WARNING * * *
😨 HP[-2] MP[+1]
You take 2 damage, and now have 38/104 hp.
You miss the tengu reaver.
The tengu reaver hits you with a +0 battleaxe!
* * * LOW HITPOINT WARNING * * *
The tengu reaver pecks you but does no damage.
The tengu reaver misses you. 😱 HP[-13]
You take 13 damage, and now have 25/104 hp.
You barely miss the tengu reaver.
The tengu reaver is no longer covered in acid.
The tengu reaver hits you but does no damage.
The tengu reaver closely misses you. The tengu reaver misses you.
You hit the tengu reaver. The tengu reaver casts a spell at you.
The bolt of cold hits you!! You resist.
* * * LOW HITPOINT WARNING * * *
😱 HP[-17]
You take 17 damage, and now have 8/104 hp.
You feel much better.
You hear some strange, mumbled words.
The tengu reaver hits you but does no damage.
The tengu reaver closely misses you.
The tengu reaver claws you but does no damage. 😨 HP[+31]
You regained 31 hp, and now have 39/104 hp.
Aiming: Phantom Mirror
Press: ? - help, Dir - move target, f - tengu warrior, p - wraith
Aim: a tengu warrior, wielding a +0 great sword and wearing a +0 leather armour You reflect the tengu warrior with the mirror!
The mirror clouds!
You hit the tengu warrior. The wraith misses your tengu warrior.
The tengu reaver casts a spell at you. The bolt of fire hits you!!
* * * LOW HITPOINT WARNING * * *
Your tengu warrior misses the tengu warrior.
Your tengu warrior pecks the tengu warrior.
Your tengu warrior misses the tengu warrior.
The tengu warrior hits you but does no damage.
The tengu warrior closely misses you.
The tengu warrior claws you but does no damage. 😱 HP[-32]
You take 32 damage, and now have 7/104 hp.
MASSIVE DAMAGE!! (PAUSE) Really read
y - 2 scrolls of blinking {!r}?
Blink to where?
Press: ? - help, Dir - move target, p - tengu warrior
As you read the scroll of blinking {!r}, it crumbles to dust.
You feel much better. The tengu reaver casts a spell at you.
The bolt of fire hits you!!!
You die...

Skill      XL: |  1  2  3  4  5  6  7  8  9 10 11 |
---------------+----------------------------------+-----
Invocations    | 3 4 5 7 9 |  9.0
Fighting       | 3 4 6 7 8 |  8.9
Armour         | 3 4 5 6 8 |  8.0
Axes           | 3 4 5 6 8 |  8.9
Evocations     | 1 3 5 |  5.0
Dodging        | 2 5 6 |  6.8
Earth Magic    | 4 7 |  7.3
Maces & Flails | 3 6 |  6.9
Conjurations   | 3 |  3.4

Action                   |  1- 3 |  4- 6 |  7- 9 | 10-12 || total
-------------------------+-------+-------+-------+-------++-------
Melee: Hand axe          |    89 |   209 |   359 |       ||   657
       Punch             |     1 |     1 |     5 |     7 ||    14
       Broad axe         |       |       |    11 |   145 ||   156
       Mace              |       |       |       |   228 ||   228
 Fire: Arbalest          |       |    28 |    17 |       ||    45
       Hunting sling     |       |       |     2 |       ||     2
Throw: Stone             |       |    10 |       |       ||    10
       Dart              |       |       |     5 |     7 ||    12
Invok: Bend Space        |       |       |     1 |     1 ||     2
       Banish            |       |       |     3 |    11 ||    14
 Abil: Heal Wounds       |     2 |     5 |     8 |    12 ||    27
Evoke: Wand              |       |       |    22 |     8 ||    30
       Phantom mirror    |       |       |       |     1 ||     1
  Use: Scroll            |       |     8 |     9 |    10 ||    27
       Potion            |       |       |       |     4 ||     4
 Stab: Paralysed         |       |       |    12 |       ||    12
       Sleeping          |       |       |     1 |       ||     1
Armor: Leather armour    |    24 |     2 |       |       ||    26
       Chain mail        |       |   133 |   282 |       ||   415
       Robe              |       |       |    36 |    31 ||    67
       Ring mail         |       |       |       |    99 ||    99
       Acid dragon scale |       |       |       |   148 ||   148
Dodge: Dodged            |    56 |    66 |   202 |   283 ||   607

Levels and vault maps discovered:
D:1:      minmay_arrival_diagonal_passages, layout_basic,
          lexackson_kobold_supper
D:2:      layout_basic, basic_altar, shapermc_ecumenical_altar_mp_urbaneastern,
          kennysheep_generic_room_8
D:3:      layout_loops_cross
D:4:      layout_rooms, serial_shops, nicolae_shop_behind_doors
D:5:      layout_basic, serial_shops, kennysheep_little_box
D:6:      layout_basic, minmay_temple_entry_enclosed_plants, serial_shops,
          nicolae_shop_hallway_plus, cheibrodos_sewer_entry_bend
D:7:      layout_basic, minmay_manual_maat
D:8:      layout_gridville
D:9:      layout_loops_ring, nicolae_gozag_seed_capital, david_lair_generic,
          minmay_protected_statue
D:10:     layout_irregular_city, uniq_sonja
D:11:     layout_rooms, serial_shops, shop, minmay_misc_feat_plants
D:13:     hourglass_vault, layout_stronghold, gammafunk_ghost_crypt,
          minivault_19, minmay_large_rounded_square, uniq_nessos

Notes
Turn   | Place    | Note
-------+----------+-------------------------------------------
     0 | Abyss:1  | spiderkeys the Deep Dwarf Abyssal Knight began the quest
                  | for the Orb.
     0 | Abyss:1  | Reached XP level 1. HP: 20/20 MP: 2/2
     0 | Abyss:1  | magus.rc [v1.11.3]
    40 | D:1      | You pass through the gate.
    40 | D:1      | Escaped the Abyss
   253 | D:1      | Reached XP level 2. HP: 25/27 MP: 4/4
   426 | D:1      | Reached *** piety under Lugonu
   499 | D:1      | Reached skill level 3 in Invocations
   499 | D:1      | Reached XP level 3. HP: 9/33 MP: 5/5
   603 | D:1      | You pick up a book of Vapours and begin reading...
   603 | D:1      | You add the spells Poisonous Vapours and Corpse Rot to your
                  | library.
   705 | D:1      | Reached skill level 3 in Fighting
   914 | D:2      | You pick up a book of Death and begin reading...
   914 | D:2      | You add the spells Animate Dead, Haunt and Infestation to
                  | your library.
   918 | D:2      | Learned a level 2 spell: Poisonous Vapours
   972 | D:2      | You add the spells Conjure Flame, Ignite Poison and Sticky
                  | Flame to your library.
  1002 | D:2      | Found a basalt altar of Yredelemnul.
  1087 | D:2      | Found a faded altar of an unknown god.
  1127 | D:2      | Reached skill level 3 in Armour
  1135 | D:2      | Reached XP level 4. HP: 20/42 MP: 6/6
  1146 | D:2      | Reached skill level 3 in Axes
  1997 | D:3      | You pick up a book of Pain and begin reading...
  1997 | D:3      | You add the spells Pain, Agony and Excruciating Wounds to
                  | your library.
  2030 | D:3      | Reached XP level 5. HP: 42/49 MP: 6/6
  2094 | D:3      | HP: 11/49 [orc priest/nerve-wracking pain (12)]
  2095 | D:3      | Reached skill level 4 in Invocations
  2095 | D:3      | HP: 4/49 [orc priest/+0 flail (7)]
  2580 | D:4      | Found Facasi's General Store.
  2628 | D:4      | Reached XP level 6. HP: 50/57 MP: 8/8
  2629 | D:4      | Reached **** piety under Lugonu
  2801 | D:4      | Reached skill level 4 in Fighting
  2801 | D:4      | Reached skill level 4 in Axes
  2801 | D:4      | Reached skill level 4 in Armour
  2801 | D:4      | Reached skill level 5 in Invocations
  2955 | D:5      | Entered Level 5 of the Dungeon
  3149 | D:5      | HP: 8/57 [orc priest/divine providence (9)]
  3159 | D:5      | HP: 10/57 [orc priest/divine providence (12)]
  3166 | D:5      | Reached skill level 1 in Evocations
  3288 | D:5      | Found Sonounkutt's Antique Armour Shop.
  3366 | D:5      | Noticed an ice beast
  3381 | D:5      | HP: 13/57 [ice beast (6)]
  3383 | D:5      | Killed an ice beast
  3384 | D:5      | Reached XP level 7. HP: 15/66 MP: 9/9
  3404 | D:5      | Reached skill level 2 in Evocations
  3451 | D:5      | You pick up a book of Winter and begin reading...
  3451 | D:5      | You add the spells Ozocubu's Armour, Metabolic Englaciation
                  | and Simulacrum to your library.
  3829 | D:6      | Reached skill level 5 in Axes
  3829 | D:6      | Reached skill level 5 in Armour
  3859 | D:6      | Reached skill level 3 in Evocations
  3912 | D:6      | Found Zumaakh's Book Boutique.
  3936 | D:6      | Found a glowing drain.
  3969 | Sewer    | Entered a sewer
  4113 | Sewer    | Found an ancient bone altar of Kikubaaqudgha.
  4178 | Sewer    | Noticed Grinder
  4189 | Sewer    | Reached ***** piety under Lugonu
  4201 | Sewer    | Reached XP level 8. HP: 31/73 MP: 9/9
  4210 | Sewer    | Killed Grinder
  4211 | Sewer    | Reached skill level 5 in Fighting
  4211 | Sewer    | Reached skill level 4 in Evocations
  4542 | D:6      | Reached skill level 6 in Axes
  4542 | D:6      | Reached skill level 6 in Armour
  4542 | D:6      | Reached skill level 5 in Evocations
  4944 | D:6      | Reached skill level 6 in Fighting
  5074 | D:6      | Found a staircase to the Ecumenical Temple.
  5343 | D:7      | Gained mutation: You passively map the area around you.
                  | [Deep Dwarf growth]
  5343 | D:7      | Reached XP level 9. HP: 23/82 MP: 8/8
  5394 | D:7      | Noticed a manticore
  5395 | D:7      | HP: 17/82 [manticore (6)]
  5397 | D:7      | Banished a manticore
  5398 | D:7      | Reached skill level 7 in Axes
  5398 | D:7      | Reached skill level 7 in Armour
  5411 | D:7      | HP: 14/84 [sky beast (1)]
  5428 | D:7      | Reached skill level 6 in Invocations
  5463 | D:7      | Noticed a troll
  5484 | D:7      | Banished a troll
  5878 | D:6      | Bought a book of Geomancy for 252 gold pieces
  5878 | D:6      | You pick up a book of Geomancy and begin reading...
  5878 | D:6      | You add the spells Sandblast, Passwall and Stone Arrow to
                  | your library.
  5882 | D:6      | Learned a level 3 spell: Stone Arrow
  5945 | D:7      | Reached skill level 7 in Invocations
  6023 | D:7      | Reached skill level 7 in Fighting
  6023 | D:7      | Reached skill level 8 in Axes
  6023 | D:7      | Reached skill level 8 in Armour
  6023 | D:7      | Reached skill level 2 in Dodging
  6965 | D:8      | Reached XP level 10. HP: 66/94 MP: 9/9
  6993 | D:8      | Reached skill level 3 in Dodging
  6993 | D:8      | Reached skill level 1 in Earth Magic
  7457 | D:9      | HP: 20/94 [orc warrior/+0 trident (5)]
  7462 | D:9      | HP: 12/94 [orc warrior/+0 trident (2)]
  7549 | D:9      | Found a staircase to the Lair.
  7585 | D:9      | Reached skill level 2 in Earth Magic
  7609 | D:9      | Reached skill level 8 in Invocations
  7621 | D:9      | Found an opulent altar of Gozag.
  7748 | D:9      | Reached skill level 4 in Dodging
  7748 | D:9      | Reached skill level 3 in Earth Magic
  7992 | D:9      | Noticed an orange crystal statue
  8177 | D:9      | Noticed a two-headed ogre
  8260 | D:9      | Identified the +6 mace of the Postmodern Loafs {vamp,
                  | Str+2}
  8285 | D:9      | HP: 12/96 [orc priest/divine providence[an orange crystal
                  | statue] (13)]
  8552 | D:9      | Noticed a two-headed ogre
  8880 | D:10     | Entered Level 10 of the Dungeon
  8880 | D:10     | Noticed Sonja
  8881 | D:10     | Killed Sonja
  8882 | D:10     | Reached skill level 1 in Maces & Flails
  8882 | D:10     | Reached skill level 4 in Earth Magic
  8936 | D:10     | Noticed a death knight
  8943 | D:10     | Banished a death knight
  8944 | D:10     | Reached skill level 8 in Fighting
  8944 | D:10     | Reached skill level 2 in Maces & Flails
  9288 | D:10     | Reached skill level 3 in Maces & Flails
  9288 | D:10     | Reached skill level 5 in Dodging
  9288 | D:10     | Reached skill level 9 in Invocations
  9351 | D:10     | Noticed a two-headed ogre
  9359 | D:10     | Killed a two-headed ogre
  9360 | D:10     | Reached XP level 11. HP: 87/103 MP: 11/11
  9430 | D:10     | Reached skill level 5 in Earth Magic
  9641 | D:11     | HP: 25/103 [basilisk (5)]
  9648 | D:11     | HP: 23/103 [basilisk (5)]
  9664 | D:11     | Noticed an orc knight
  9670 | D:11     | HP: 19/103 [warg[an orc knight] (8)]
  9672 | D:11     | HP: 6/103 [orc priest/divine providence[an orc knight]
                  | (13)]
  9674 | D:11     | Noticed a two-headed ogre
  9734 | D:11     | You pick up a book of Beasts and begin reading...
  9734 | D:11     | You add the spells Summon Ice Beast, Summon Mana Viper and
                  | Monstrous Menagerie to your library.
  9758 | D:11     | Reached skill level 4 in Maces & Flails
  9872 | D:11     | Banished an orc knight
  9873 | D:11     | Reached skill level 1 in Conjurations
  9980 | D:11     | HP: 23/104 [two-headed ogre/+0 giant spiked club (6)]
  9982 | D:11     | Banished a two-headed ogre
  9983 | D:11     | Reached skill level 5 in Maces & Flails
  9983 | D:11     | Reached skill level 6 in Earth Magic
 10000 | D:11     | Noticed a tengu warrior
 10007 | D:11     | Banished a tengu warrior
 10008 | D:11     | Reached skill level 6 in Dodging
 10008 | D:11     | Reached skill level 2 in Conjurations
 10222 | D:11     | You fall into a shaft and drop 2 floors!
 10244 | D:13     | Noticed an eight-headed hydra
 10244 | D:13     | Noticed Nessos
 10256 | D:13     | Banished Nessos
 10257 | D:13     | Reached skill level 6 in Maces & Flails
 10305 | D:13     | Banished an eight-headed hydra
 10331 | D:13     | Noticed a centaur warrior
 10334 | D:13     | Banished a centaur warrior
 10335 | D:13     | Reached skill level 3 in Conjurations
 10335 | D:13     | Reached skill level 7 in Earth Magic
 10337 | D:13     | HP: 26/104 [centaur/arrow[a centaur warrior] (11)]
 10344 | D:13     | Noticed a centaur warrior
 10349 | D:13     | Noticed a tengu reaver
 10351 | D:13     | Noticed a boulder beetle
 10354 | D:13     | Banished a boulder beetle
 10372 | D:13     | Killed a centaur warrior
 10402 | D:13     | Noticed a wizard
 10408 | D:13     | Noticed a mana viper
 10414 | D:13     | Noticed a red ugly thing
 10415 | D:13     | Noticed a tengu warrior
 10430 | D:13     | HP: 25/104 [tengu reaver/+0 battleaxe (13)]
 10432 | D:13     | HP: 8/104 [tengu reaver/bolt of cold (17)]
 10437 | D:13     | Killed from afar by a tengu reaver

Vanquished Creatures
  A two-headed ogre (D:10)
  A centaur warrior (D:13)
  Sonja (D:10)
  2 cyclopes (D:11)
  2 trolls
  Grinder (Sewer)
  A wraith (D:11)
  A vampire (D:11)
  2 wyverns
  5 yaks (D:9)
  2 basilisks
  A wyvern (shapeshifter) (D:13)
  A warg (D:11)
  An acid dragon (D:10)
  A water moccasin (D:7)
  2 ice beasts
  2 black bears
  4 orc warriors
  2 sky beasts (D:7)
  An ogre (D:4)
  8 centaurs
  5 bullfrogs
  A kobold brigand (D:9)
  A necrophage (Sewer)
  2 scorpions
  A gnoll sergeant (D:7)
  7 wights
  3 killer bees (D:9)
  5 howler monkeys
  3 hounds
  3 jellies
  A gnoll shaman (D:6)
  14 orc priests
  An iguana (D:7)
  7 orc wizards
  6 adders
  7 gnolls
  A shadow imp (Sewer)
  2 white imps (D:5)
  5 ufetubi
  3 worms
  5 dart slugs
  34 orcs
  6 endoplasms
  6 giant cockroaches
  4 goblins
  10 hobgoblins
  9 jackals
  29 kobolds
  2 quokkas (D:1)
  7 ball pythons
  7 bats
  3 frilled lizards
  A giant cockroach zombie (Sewer)
  5 rats
248 creatures vanquished.

Vanquished Creatures (others)
  An orc warrior (D:11)
  An ogre (D:7)
  A fungus (D:9)
  4 plants (D:1)
7 creatures vanquished.

Grand Total: 255 creatures vanquished

Table legend:
 A = Non-vault XP
 B = Vault XP
 C = Vault XP percentage of total XP
 D = Non-vault monster count
 E = Vault monster count
 F = Vault count percentage of total count
                 A         B        C        D         E       F
            +---------+---------+-------+---------+---------+-------
      Total |   16419 |    5408 |  24.8 |     210 |      53 |  20.2
            +---------+---------+-------+---------+---------+-------
        D:1 |      39 |      10 |  20.4 |      18 |       8 |  30.8
        D:2 |     111 |       3 |   2.6 |      21 |       2 |   8.7
        D:3 |     107 |       0 |   0.0 |      21 |       0 |   0.0
        D:4 |     301 |       0 |   0.0 |      20 |       0 |   0.0
        D:5 |     445 |       0 |   0.0 |      12 |       0 |   0.0
        D:6 |    1092 |      10 |   0.9 |      25 |       2 |   7.4
        D:7 |    1270 |    1215 |  48.9 |      16 |       6 |  27.3
        D:8 |     575 |       0 |   0.0 |      15 |       0 |   0.0
        D:9 |    1683 |     730 |  30.3 |      24 |       4 |  14.3
       D:10 |    2326 |     769 |  24.8 |      10 |       1 |   9.1
       D:11 |    5707 |       0 |   0.0 |      23 |       0 |   0.0
       D:13 |    2763 |    2086 |  43.0 |       5 |       3 |  37.5
      Sewer |       0 |     585 | 100.0 |       0 |      27 | 100.0
            +---------+---------+-------+---------+---------+-------

Illustrated notes

Table legend:
 A = Kills in this place as a percentage of kills in entire the game.
 B = Kills by you in this place as a percentage of kills by you in the entire game.
 C = Kills by friends in this place as a percentage of kills by friends in the entire game.
 D = Other kills in this place as a percentage of other kills in the entire game.
 E = Experience gained in this place as a percentage of experience gained in the entire game.
 F = Experience gained in this place divided by the number of levels of this place that you have seen.
                   A       B       C       D       E      F
               +-------+-------+-------+-------+-------+----------------------
         Total | 100.0 | 100.0 |   N/A | 100.0 | 100.0 | 1559.1
       Dungeon |  89.7 |  89.1 |   N/A | 100.0 |  97.3 | 1770.2
         Sewer |  10.3 |  10.9 |   N/A |   0.0 |   2.7 | 585.0
               +-------+-------+-------+-------+-------+----------------------

Table legend: (Time is in decaauts)
 A = Elapsed time spent in this place.
 B = Non-inter-level travel time spent in this place.
 C = Inter-level travel time spent in this place.
 D = Time resting spent in this place.
 E = Time spent auto-exploring this place.
 F = Levels seen in this place.
 G = Mean time per level.
                   A        B        C        D        E       F      G
               +--------+--------+--------+--------+--------+-----+--------+
         Total |  10595 |  10152 |    443 |    767 |   6459 |  14 |  756.8 |
       Dungeon |  10029 |   9586 |    443 |    662 |   6242 |  12 |  835.8 |
         Abyss |     40 |     40 |      0 |      0 |     33 |   1 |   40.0 |
         Sewer |    526 |    526 |      0 |    105 |    183 |   1 |  526.0 |
               +--------+--------+--------+--------+--------+-----+--------+

Top non-repeatable levels by time:
     D:9: 1206 daAuts
     D:7: 1167 daAuts
     D:8: 1119 daAuts
     D:6: 1103 daAuts
     D:2: 877 daAuts
     D:5: 871 daAuts
     D:1: 864 daAuts
     D:3: 765 daAuts
    D:10: 739 daAuts
    D:11: 636 daAuts
   Sewer: 526 daAuts
     D:4: 464 daAuts
    D:13: 213 daAuts
 Abyss:1: 40 daAuts
